 Dungeon Crawl Stone Soup version 0.18.1-50-g88ac8fd (webtiles) character file.

1678 Dioneo the Covered (level 8, -1/76 HPs)
             Began as a Deep Dwarf Fighter on Oct 14, 2016.
             Was a Believer of Pakellas.
             Killed by divine providence
             ... invoked by an orc priest
              (12 damage)
             ... on level 6 of the Dungeon.
             The game lasted 00:17:51 (4745 turns).

Dioneo the Covered (Deep Dwarf Fighter)             Turns: 4745, Time: 00:17:53

Health: -1/76      AC: 11    Str: 22    XL:     8   Next: 70%
Magic:  9/13       EV:  5    Int:  9    God:    Pakellas [**....]
Gold:   247        SH:  9    Dex: 12    Spells: 0 memorised, 7 levels left

rFire  . . .     SeeInvis .     g - +0 broad axe
rCold  . . .     Gourm    .     v - +0 chain mail
rNeg   . . .     Faith    .     c - +0 shield
rPois  .         Spirit   .     (no helmet)
rElec  .         Dismiss  .     p - +0 cloak
rCorr  .         Reflect  .     (no gloves)
SustAt .         Harm     .     (no boots)
MR     +....                    (no amulet)
Stlth  ..........               (no ring)
                                (no ring)

@: non-regenerating, somewhat resistant to hostile enchantments, extremely
unstealthy
A: damage resistance, recharge devices, sense surroundings 1, slow regeneration
3
a: Device Recharging, Quick Charge, Renounce Religion


You were on level 6 of the Dungeon.
You worshipped Pakellas.
Pakellas was pleased with you.
You were hungry.

You visited 1 branch of the dungeon, and saw 6 of its levels.

You collected 247 gold pieces.

Inventory:

Hand Weapons
 g - a +0 broad axe (weapon)
Missiles
 u - 24 poisoned needles
 y - 8 tomahawks (quivered)
Armour
 c - a +0 shield (worn)
 p - a +0 cloak (worn)
 v - a +0 chain mail (worn)
Jewellery
 d - an uncursed ring of protection from fire {unknown}
 B - an uncursed ring of protection from cold {unknown}
Wands
 e - a wand of heal wounds (1/9)
 C - a wand of random effects (14/48)
 I - a wand of confusion (18/48)
Scrolls
 b - a scroll of remove curse {unknown}
 i - a scroll of fear
 k - 2 scrolls of teleportation
 m - a scroll of enchant armour
 n - 2 scrolls of amnesia
 w - a scroll of blinking
 E - a scroll of recharging {unknown}
 J - a scroll of magic mapping {unknown}
 K - a scroll of random uselessness {unknown}
 M - a scroll of vulnerability {unknown}
Potions
 a - 3 potions of lignification {unknown}
 h - a potion of magic
 o - 2 potions of agility
 r - a potion of curing
 s - a potion of might
 t - a potion of mutation
 x - 2 potions of haste
 A - 2 potions of cure mutation
 D - a potion of invisibility {unknown}
 G - a potion of brilliance {unknown}
Miscellaneous
 L - a sack of spiders
Comestibles
 f - 7 bread rations
 j - a slice of pizza
 l - 9 fruits
 q - 2 meat rations
 z - 2 beef jerkies
 F - a royal jelly
 H - 6 chunks of flesh


   Skills:
 + Level 6.0 Fighting
 + Level 6.4 Axes
 + Level 6.8 Armour
 - Level 3.2 Shields
 + Level 6.7 Evocations


You had 7 spell levels left.
You didn't know any spells.

Dungeon Overview and Level Annotations

Branches:
Dungeon (6/15)             Temple (0/1) D:4

Altars:
Dithmenos
Elyvilon
Gozag
Okawaru
Pakellas
Sif Muna
Xom
Yredelemnul
The Shining One

Annotations:
D:4 exclusion: door


Innate Abilities, Weirdness & Mutations

You are resistant to damage.
You can recharge devices by infusing magical energy.
You passively map a small area around you.
You do not regenerate naturally.


Message History

* * * LOW HITPOINT WARNING * * *
The orc priest completely misses you.
Your shield and chain mail prevent you from hitting the orc priest.
The orc priest is heavily wounded.
You block the orc priest's attack.
You hit the orc priest.
The orc priest is heavily wounded.
The orc priest invokes the aid of Beogh against you.
Beogh smites you!
* * * LOW HITPOINT WARNING * * *
Your shield and chain mail prevent you from hitting the orc priest.
The orc priest is heavily wounded.
The orc priest hits you but does no damage.
You hit the orc priest but do no damage.
The orc priest is heavily wounded.
The orc priest hits you with a club.
The orc priest calls down the wrath of Beogh upon you.
Beogh smites you!
You die...
Pakellas says: That's one more possible approach eliminated.

.........<...#+##.# *
................#>## #,
.....#.............., ..
* ...................
..., * *
...........######.##...#
.#.#####.............J..
* ....
.........J......#*
........#o# , .....#@# ,
.....#.##### *
,#.........# , *, *
###.#.###.# .....
,,######.#.# #.#
.......,#........###.#
....... #.####.......#
... ... #.# #.####### .#
*#.# #.# #.#


You could see a jelly and an orc priest.

Vanquished Creatures
  Pikel (D:4)
  The ghost of Dioneo the Skirmisher, an amateur DDFi (D:4)
  Duvessa (D:4)
  3 slaves (D:4)
  4 centaurs
  Dowan (D:4)
  A scorpion (D:5)
  A crimson imp (D:5)
  A hound (D:4)
  A giant frog skeleton (D:5)
  2 orc priests
  An iguana (D:4)
  4 orc wizards (D:4)
  2 worker ants
  7 gnolls (D:5)
  3 adders
  An adder zombie (D:5)
  A dart slug (D:1)
  2 worms
  A giant gecko (D:2)
  13 orcs
  3 ball pythons
  2 giant cockroaches
  6 goblins
  6 hobgoblins
  6 jackals
  4 quokkas
  8 bats
  A giant gecko zombie (D:5)
  3 giant newts
  4 kobolds
  5 rats
100 creatures vanquished.

Vanquished Creatures (others)
  A manticore (D:2)
  A plant (D:5)
2 creatures vanquished.

Grand Total: 102 creatures vanquished

Notes
Turn   | Place    | Note
--------------------------------------------------------------
     0 | D:1      | Dioneo the Deep Dwarf Fighter began the quest for the Orb.
     0 | D:1      | Reached XP level 1. HP: 20/20 MP: 1/1
   317 | D:1      | Reached XP level 2. HP: 25/27 MP: 2/2
   872 | D:2      | Reached XP level 3. HP: 27/34 MP: 3/3
  1040 | D:2      | Found an iron altar of Okawaru.
  1509 | D:2      | Found an oddly glowing altar of Pakellas.
  1510 | D:2      | Noticed a manticore
  1513 | D:2      | Became a worshipper of Pakellas the Inventive
  1524 | D:2      | Killed a manticore
  1846 | D:3      | Found a white marble altar of Elyvilon.
  1907 | D:3      | Found a shimmering altar of Xom.
  1926 | D:3      | Found an opulent altar of Gozag.
  2193 | D:4      | Reached skill level 1 in Evocations
  2193 | D:4      | Reached XP level 4. HP: 41/44 MP: 3/5
  2281 | D:4      | Reached * piety under Pakellas
  2281 | D:4      | Received a gift from Pakellas
  2281 | D:4      | Reached XP level 5. HP: 21/50 MP: 6/6
  2299 | D:4      | Found a basalt altar of Yredelemnul.
  2373 | D:4      | Found a staircase to the Ecumenical Temple.
  2486 | D:4      | Noticed Dioneo's ghost (amateur DDFi)
  2486 | D:4      | Noticed Duvessa
  2486 | D:4      | Noticed Dowan
  2510 | D:4      | Killed Duvessa
  2510 | D:4      | Reached XP level 6. HP: 45/57 MP: 6/8
  2517 | D:4      | Killed Dioneo's ghost
  2517 | D:4      | Reached skill level 5 in Armour
  2517 | D:4      | Reached XP level 7. HP: 33/66 MP: 9/9
  2531 | D:4      | Killed Dowan
  2963 | D:4      | Found a deep blue altar of Sif Muna.
  3134 | D:4      | Noticed Pikel
  3186 | D:4      | Reached skill level 5 in Axes
  3282 | D:4      | Reached skill level 5 in Fighting
  3331 | D:4      | Killed Pikel
  3331 | D:4      | Reached skill level 5 in Evocations
  3331 | D:4      | Reached XP level 8. HP: 28/75 MP: 10/12
  3446 | D:5      | Entered Level 5 of the Dungeon
  3583 | D:5      | Found a shadowy altar of Dithmenos.
  3764 | D:5      | Found a glowing golden altar of the Shining One.
  4528 | D:5      | Reached ** piety under Pakellas
  4528 | D:5      | Received a gift from Pakellas
  4745 | D:6      | Killed from afar by an orc priest

Skill      XL: |  1  2  3  4  5  6  7  8 |
---------------+-------------------------+-----
Fighting       | 3 4 5 6 |  6.0
Axes           | 3 4 5 6 |  6.4
Armour         | 4 5 6 |  6.8
Evocations     | 1 2 3 5 6 |  6.7
Shields        | |  3.2

Action                   |  1- 3 |  4- 6 |  7- 9 || total
-------------------------+-------+-------+-------++-------
Melee: War axe           |   111 |       |       ||   111
       Broad axe         |    33 |    54 |   215 ||   302
Invok: Quick Charge      |       |       |     2 ||     2
Evoke: Wand              |     1 |     1 |     5 ||     7
  Use: Scroll            |     9 |       |     3 ||    12
       Potion            |       |     1 |     1 ||     2
  Eat: Chunk             |     4 |     1 |     8 ||    13
Armor: Scale mail        |    68 |       |       ||    68
       Chain mail        |     2 |    43 |   113 ||   158
Dodge: Dodged            |    54 |     9 |    40 ||   103
Block: Shield            |   103 |    29 |   110 ||   242
